 Dungeon Crawl Stone Soup version 0.19.0-19-g8c6edcc (webtiles) character file.

60190 Minion the Slingshot (level 15, -2/94 HPs)
             Began as a Halfling Hunter on Nov 13, 2016.
             Was a High Priest of Okawaru.
             Killed by divine providence
             ... invoked by Saint Roka
              (14 damage)
             ... on level 2 of the Orcish Mines.
             The game lasted 01:47:45 (25415 turns).

Minion the Slingshot (Halfling Hunter)             Turns: 25415, Time: 01:47:46

Health: -2/94      AC: 17    Str: 13    XL:     15   Next: 37%
Magic:  0/18       EV: 38    Int:  9    God:    Okawaru [*****.]
Gold:   1480       SH:  0    Dex: 34    Spells: 0 memorised, 14 levels left

rFire  . . .     SeeInvis .     T - +0 fustibalus (freeze)
rCold  . . .     Gourm    .     z - +3 leather armour {MR+}
rNeg   . . .     Faith    .     (shield restricted)
rPois  .         Spirit   +     K - +2 hat
rElec  +         Reflect  .     F - +2 cloak
rCorr  +         Harm     .     v - +1 pair of gloves
MR     ++...     NoCast   +     Q - +0 pair of boots "Faxeezeo" {-Cast rElec Regen+ Dex+8}
Stlth  +++++.....               r - amulet of guardian spirit
                                U - ring of resist corrosion
                                b - +4 ring of dexterity

@: heroism
A: mutation resistance 1
a: Heroism, Finesse, Renounce Religion


You were on level 2 of the Orcish Mines.
You worshipped Okawaru.
Okawaru was extremely pleased with you.
You were not hungry.

You visited 4 branches of the dungeon, and saw 20 of its levels.

You collected 1480 gold pieces.

Inventory:

Hand Weapons
 a - a +2 hunting sling of flaming
 T - a +0 fustibalus of freezing (weapon)
Missiles
 n - 610 stones (quivered)
Armour
 l - +0 fire dragon scales
 v - a +1 pair of gloves (worn)
 z - a +3 leather armour of magic resistance (worn)
 F - a +2 cloak (worn)
 K - a +2 hat (worn)
 Q - the +0 pair of boots "Faxeezeo" (worn) {-Cast rElec Regen+ Dex+8}
   (Okawaru gifted it to you on level 6 of the Lair of Beasts)

   It affects your dexterity (+8).
   It insulates you from electricity.
   It prevents spellcasting.
   It increases your rate of regeneration.
 X - a +1 chain mail of fire resistance
Jewellery
 b - a +4 ring of dexterity (left hand)
 r - an amulet of guardian spirit (around neck)
 x - an uncursed amulet of magic regeneration
 y - an uncursed amulet of regeneration
 U - a ring of resist corrosion (right hand)
Wands
 c - a wand of acid (5/15)
 e - a wand of iceblast (11/15)
 w - a wand of flame (20/48)
 G - a wand of lightning (6/15)
 J - a wand of acid (9/15)
 V - a wand of polymorph (7/24)
Scrolls
 h - a scroll of brand weapon
 i - 3 scrolls of enchant armour
 j - a scroll of fear
 o - 3 scrolls of enchant weapon
 p - 2 scrolls of amnesia
 q - 9 scrolls of identify
 A - 2 scrolls of fog
 C - 2 scrolls of teleportation
 O - 4 scrolls of remove curse
 Z - a scroll of recharging
Potions
 k - 2 potions of cancellation
 s - 2 potions of haste
 t - a potion of invisibility
 D - 2 potions of curing
 E - a potion of resistance
 I - 2 potions of ambrosia
 L - a potion of might
 M - 2 potions of agility
 P - 3 potions of brilliance
 W - 2 potions of lignification
Miscellaneous
 d - 2 boxes of beasts
Comestibles
 f - 14 bread rations
 g - 8 beef jerkies
 B - 6 chunks of flesh
 H - 15 fruits
 N - 4 meat rations


   Skills:
 - Level 6.0(11.0) Fighting
 + Level 23.5(27) Slings
 + Level 8.0(13.0) Armour
 - Level 15.2(20.2) Dodging
 - Level 5.0(10.0) Stealth
 - Level 4.2 Invocations


You had 14 spell levels left.
You didn't know any spells.

Dungeon Overview and Level Annotations

Branches:
Dungeon (11/15)            Temple (1/1) D:6            Lair (6/6) D:11
 Shoals (0/4) Lair:4       Spider (0/4) Lair:2        Slime (0/5) Lair:6
    Orc (2/2) D:11            Elf (0/3) Orc:2

Altars:
Ashenzari
Cheibriados
Elyvilon
Fedhas
Gozag
Hepliaklqana
Kikubaaqudgha
Makhleb
Okawaru
Qazlal
Ru
Sif Muna
Trog
Uskayaw
Vehumet
Xom
Yredelemnul
Zin
Beogh
Jiyva

Shops:
D:4 [   D:8 :   Orc:1 =

Annotations:
D:10 exclusions: obsidian statue and orange crystal statue
Lair:6 1 runed door
Orc:2 Saint Roka


Innate Abilities, Weirdness & Mutations

You are small and have problems with some larger weapons.
You are somewhat resistant to further mutation.


Message History

Press: ? - help, Shift-Dir - straight line, f/p - Saint Roka
Aim: Saint Roka, wielding an enchanted halberd and wearing a glowing chain mail (almost dead)
You shoot a stone. The stone completely misses Saint Roka.
Firing (i - inventory):
n - 611 stones (quivered)
Press: ? - help, Shift-Dir - straight line, f/p - Saint Roka
Aim: Saint Roka, wielding an enchanted halberd and wearing a glowing chain mail (almost dead)
You shoot a stone.
The stone hits Saint Roka but does no damage.
Saint Roka is almost dead.
Saint Roka calls down the wrath of Beogh upon you.
Beogh smites you!
* * * LOW HITPOINT WARNING * * *
As you read the scroll of fear, it crumbles to dust.
You assume a fearsome visage.
Saint Roka resists with some effort.
Saint Roka invokes the aid of Beogh against you.
Beogh smites you!
* * * LOW HITPOINT WARNING * * *
Saint Roka calls down the wrath of Beogh upon you.
Beogh smites you!
You die...

#.)o## ###.##.......... ##)####
##............... ##(##.##
#................ #(.((..#
##.##.........).. # ###.((.(.##
####........)... .## #..((.(.(.##
##.#...........
...##.....#.#o(.###..............
....##.....#...(#................
...............#@................
........#.....##.(...............
...........#..##)...#............
...##...........<).....(.........
........#........................
.......###....[..................
........#..........<.#...........
.......................[.........
...........................))....


You could see Saint Roka.

Vanquished Creatures
  Rupert (Orc:2)
  A stone giant (Orc:1)
  Snorg (Lair:3)
  A fire dragon (Lair:6)
  Harold (D:11)
  9 hydras
  A catoblepas (Lair:4)
  An orc high priest (Orc:2)
  Urug (D:11)
  Sonja (Lair:1)
  An unseen horror (D:11)
  2 lindwurms (Lair:6)
  A hill giant (D:10)
  3 orc sorcerers (Orc:2)
  An orb spider (Lair:2)
  2 orc knights (Orc:2)
  A cyclops (D:11)
  3 manticores
  4 black mambas
  6 elephants (Lair:3)
  6 torpor snails (Lair:6)
  10 spiny frogs
  6 komodo dragons
  5 rime drakes
  4 tyrant leeches (Lair:6)
  2 trolls
  7 hornets (Lair:6)
  A polar bear (Lair:6)
  8 blink frogs
  17 hippogriffs
  5 dream sheep (Lair:6)
  A shadow (D:10)
  7 wyverns
  48 yaks
  Eustachio (D:6)
  8 basilisks
  A hungry ghost (D:11)
  A steam dragon (D:9)
  Menkaure (D:5)
  4 mottled dragons (Lair:6)
  A warg (Orc:2)
  Duvessa (D:5)
  14 water moccasins
  9 porcupines
  11 orc warriors
  2 swamp drakes (Lair:6)
  2 ice beasts
  2 sky beasts
  8 ogres
  2 black bears
  2 phantoms
  4 centaurs
  16 wolves
  15 crocodiles
  A big kobold (D:11)
  A gnoll sergeant (D:7)
  10 bullfrogs
  5 scorpions
  Dowan (D:5)
  A water moccasin skeleton (D:9)
  4 killer bees (D:11)
  9 wights
  3 electric eels (Lair:4)
  5 howler monkeys
  2 bullfrog zombies
  2 crimson imps
  2 jellies (D:8)
  3 hounds
  10 orc wizards
  A quasit (D:11)
  11 orc priests
  9 centaur skeletons
  A bullfrog skeleton (D:4)
  3 iguanas
  10 worker ants
  A howler monkey skeleton (D:7)
  19 adders
  8 gnolls
  4 shadow imps
  3 oozes
  3 worms
  A dart slug (D:3)
  5 leopard geckos
  43 orcs
  4 ball pythons
  6 giant cockroaches
  A goblin (D:1)
  3 hobgoblins
  2 jackals (D:11)
  5 quokkas
  4 bats
  5 frilled lizards
  13 kobolds
  A leopard gecko skeleton (D:6)
  3 rats
  A fungus (Lair:4)
  A plant (Lair:4)
504 creatures vanquished.

Vanquished Creatures (others)
  10 fungi
  12 plants
22 creatures vanquished.

Grand Total: 526 creatures vanquished

Notes
Turn   | Place    | Note
-------+----------+-------------------------------------------
     0 | D:1      | Minion the Halfling Hunter began the quest for the Orb.
     0 | D:1      | Reached XP level 1. HP: 14/14 MP: 1/1
    65 | D:1      | Reached skill level 6 in Slings
   249 | D:1      | Reached XP level 2. HP: 19/19 MP: 2/2
   835 | D:2      | Reached skill level 7 in Slings
   835 | D:2      | Reached XP level 3. HP: 10/24 MP: 3/3
  1527 | D:2      | Reached XP level 4. HP: 25/29 MP: 4/4
  1572 | D:2      | Reached skill level 8 in Slings
  1936 | D:2      | Reached XP level 5. HP: 31/34 MP: 5/5
  2976 | D:3      | Reached skill level 9 in Slings
  3251 | D:3      | Found a blossoming altar of Fedhas.
  3419 | D:4      | Reached XP level 6. HP: 26/39 MP: 6/6
  3794 | D:4      | Found Vunuut's Antique Armour Shop.
  4248 | D:4      | Noticed a water moccasin
  4499 | D:4      | Killed a water moccasin
  4499 | D:4      | Reached skill level 10 in Slings
  4499 | D:4      | Reached XP level 7. HP: 24/44 MP: 7/7
  4799 | D:4      | Found a deep blue altar of Sif Muna.
  5024 | D:5      | Entered Level 5 of the Dungeon
  5037 | D:5      | Reached skill level 5 in Dodging
  5304 | D:5      | Reached XP level 8. HP: 49/49 MP: 8/8
  5321 | D:5      | Noticed Menkaure
  5328 | D:5      | Killed Menkaure
  5328 | D:5      | Reached skill level 11 in Slings
  5580 | D:5      | Noticed Dowan
  5596 | D:5      | Killed Dowan
  5633 | D:5      | Noticed Duvessa
  5658 | D:5      | Killed Duvessa
  5754 | D:5      | Found an opulent altar of Gozag.
  6035 | D:6      | Found a radiant altar of Vehumet.
  6391 | D:6      | Noticed Eustachio
  6415 | D:6      | Killed Eustachio
  6415 | D:6      | Reached skill level 12 in Slings
  6548 | D:6      | Found a staircase to the Ecumenical Temple.
  6558 | Temple   | Entered the Ecumenical Temple
  6682 | Temple   | Became a worshipper of Warmaster Okawaru
  6903 | D:7      | Reached XP level 9. HP: 54/54 MP: 9/9
  6929 | D:7      | Noticed a hippogriff
  6943 | D:7      | Killed a hippogriff
  6967 | D:7      | Noticed a hippogriff
  6975 | D:7      | Killed a hippogriff
  6975 | D:7      | Reached skill level 13 in Slings
  7147 | D:6      | Noticed a rust devil
  7147 | D:6      | Noticed a rust devil
  7421 | D:7      | Found a sacrificial altar of Ru.
  7687 | D:8      | Noticed a hippogriff
  7940 | D:7      | Killed a hippogriff
  7940 | D:7      | Reached * piety under Okawaru
  8618 | D:8      | Reached skill level 14 in Slings
  8755 | D:7      | Reached XP level 10. HP: 60/60 MP: 10/10
  9150 | D:8      | Reached ** piety under Okawaru
  9150 | D:8      | Reached skill level 5 in Stealth
  9177 | D:8      | Found Fulus's Book Boutique.
  9547 | D:8      | Found a shattered altar of Ashenzari.
  9549 | D:8      | Found a stormy altar of Qazlal.
  9564 | D:8      | Found a burning altar of Makhleb.
  9804 | D:9      | Found a white marble altar of Elyvilon.
  9959 | D:9      | Reached skill level 15 in Slings
 10462 | D:10     | Entered Level 10 of the Dungeon
 10647 | D:10     | Reached skill level 10 in Dodging
 10744 | D:10     | Reached skill level 1 in Armour
 11080 | D:10     | Noticed an obsidian statue
 11080 | D:10     | Noticed an orange crystal statue
 11220 | D:10     | Noticed a hill giant
 11234 | D:10     | Killed a hill giant
 11234 | D:10     | Reached *** piety under Okawaru
 11801 | D:11     | Noticed a cyclops
 11812 | D:11     | Killed a cyclops
 11812 | D:11     | Received a gift from Okawaru
 11812 | D:11     | Reached skill level 16 in Slings
 11903 | D:11     | Reached XP level 11. HP: 64/64 MP: 11/11
 11953 | D:11     | Noticed Urug
 12640 | D:11     | Noticed Harold
 12667 | D:11     | Killed Harold
 12667 | D:11     | Reached **** piety under Okawaru
 12932 | D:11     | Reached skill level 17 in Slings
 12973 | D:11     | Received a gift from Okawaru
 13425 | D:11     | Noticed a manticore
 13445 | D:11     | Killed a manticore
 13445 | D:11     | Received a gift from Okawaru
 13567 | D:11     | Reached skill level 5 in Fighting
 13963 | D:11     | Killed an unseen horror
 14048 | D:11     | Reached ***** piety under Okawaru
 14077 | D:11     | Found a staircase to the Lair.
 14217 | D:11     | Found a staircase to the Orcish Mines.
 14277 | D:11     | Received a gift from Okawaru
 14309 | D:11     | Reached skill level 18 in Slings
 14468 | D:11     | Noticed a manticore
 14487 | D:11     | Killed a manticore
 14487 | D:11     | Reached skill level 1 in Invocations
 14487 | D:11     | Reached XP level 12. HP: 42/79 MP: 6/12
 14883 | D:11     | Killed Urug
 14883 | D:11     | Received a gift from Okawaru
 15043 | Lair:1   | Entered Level 1 of the Lair of Beasts
 15327 | Lair:1   | Received a gift from Okawaru
 15790 | Lair:1   | Noticed Sonja
 15797 | Lair:1   | Killed Sonja
 15797 | Lair:1   | Reached skill level 19 in Slings
 15938 | Lair:1   | Received a gift from Okawaru
 16362 | Lair:1   | Noticed a six-headed hydra
 16369 | Lair:1   | Killed a six-headed hydra
 17186 | Lair:2   | Reached XP level 13. HP: 83/83 MP: 16/16
 17191 | Lair:2   | Found a hole to the Spider Nest.
 17611 | Lair:3   | Received a gift from Okawaru
 17622 | Lair:3   | Noticed an eight-headed hydra
 17634 | Lair:3   | Killed an eight-headed hydra
 17634 | Lair:3   | Reached skill level 20 in Slings
 18048 | Lair:3   | Reached ****** piety under Okawaru
 18095 | Lair:3   | Noticed Snorg
 18105 | Lair:3   | Killed Snorg
 18650 | Lair:4   | Noticed a catoblepas
 18667 | Lair:4   | Killed a catoblepas
 18683 | Lair:4   | Received a gift from Okawaru
 18707 | Lair:4   | Noticed a four-headed hydra
 18726 | Lair:4   | Found a staircase to the Shoals.
 19203 | Lair:3   | Killed a four-headed hydra
 19203 | Lair:3   | Reached skill level 21 in Slings
 19632 | Lair:4   | Received a gift from Okawaru
 19971 | Lair:4   | Noticed a five-headed hydra
 19985 | Lair:4   | Killed a five-headed hydra
 19985 | Lair:4   | Reached XP level 14. HP: 90/90 MP: 15/17
 20215 | Lair:4   | Received a gift from Okawaru
 21361 | Lair:5   | Received a gift from Okawaru
 21848 | Lair:5   | Reached skill level 22 in Slings
 21968 | Lair:6   | Entered Level 6 of the Lair of Beasts
 22141 | Lair:6   | Received a gift from Okawaru
 22379 | Lair:6   | Found a staircase to the Slime Pits.
 22379 | Lair:6   | Found a viscous altar of Jiyva.
 22387 | Lair:6   | Received a gift from Okawaru
 22567 | Lair:6   | Received a gift from Okawaru
 22567 | Lair:6   | Reached skill level 15 in Dodging
 22568 | Lair:6   | Got a pair of warped boots {god gift}
 22619 | Lair:6   | Identified the +0 pair of boots "Faxeezeo" {-Cast rElec Regen+ Dex+8} (Okawaru gifted it to you on level 6 of the Lair of Beasts)
 22839 | Lair:6   | Found a runed door.
 23230 | Lair:6   | Reached skill level 5 in Armour
 23736 | Lair:6   | Reached skill level 23 in Slings
 23736 | Lair:6   | Reached XP level 15. HP: 94/94 MP: 18/18
 24378 | Orc:1    | Entered Level 1 of the Orcish Mines
 24378 | Orc:1    | Found Niegres's Jewellery Emporium.
 24378 | Orc:1    | Noticed a stone giant
 24394 | Orc:1    | Killed a stone giant
 24547 | Orc:2    | Entered Level 2 of the Orcish Mines
 24622 | Orc:2    | Found a staircase to the Elven Halls.
 24965 | Orc:2    | Found a roughly hewn altar of Beogh.
 24987 | Orc:2    | Noticed Rupert
 25001 | Orc:2    | Killed Rupert
 25184 | Orc:2    | Noticed Saint Roka
 25415 | Orc:2    | Killed from afar by Saint Roka

Skill      XL: |  1  2  3  4  5  6  7  8  9 10 11 12 13 14 15 |
---------------+----------------------------------------------+-----
Slings         | 6 7 8 9 10 12 14 16 18 19 21 23 | 23.5
Dodging        | 3 4 5 7 8 10 11 13 15 | 15.2
Stealth        | 4 5 |  5.0
Armour         | 4 5 8 |  8.0
Fighting       | 6 |  6.0
Invocations    | 1 4 |  4.2

Action                   |  1- 3 |  4- 6 |  7- 9 | 10-12 | 13-15 || total
-------------------------+-------+-------+-------+-------+-------++-------
Melee: Hunting sling     |       |       |       |     3 |       ||     3
       Fustibalus        |       |       |       |       |     4 ||     4
 Fire: Hunting sling     |    89 |   272 |   342 |  1043 |       ||  1746
       Fustibalus        |       |       |       |    90 |  1360 ||  1450
Invok: Heroism           |       |       |     1 |     8 |    22 ||    31
       Finesse           |       |       |       |     1 |    11 ||    12
Evoke: Wand              |       |       |     3 |       |       ||     3
  Use: Potion            |       |     7 |     1 |     3 |     7 ||    18
       Scroll            |       |     5 |     8 |     5 |    14 ||    32
  Eat: Chunk             |     1 |     9 |     2 |    12 |    12 ||    36
       Beef jerky        |       |       |     2 |     1 |       ||     3
       Pizza             |       |       |     1 |     1 |     2 ||     4
       Bread ration      |       |       |     1 |       |       ||     1
       Fruit             |       |       |     2 |     1 |     4 ||     7
       Meat ration       |       |       |       |     2 |     1 ||     3
       Royal jelly       |       |       |       |       |     2 ||     2
Armor: Leather armour    |     3 |     6 |     8 |    65 |    77 ||   159
       Ring mail         |       |    17 |     1 |       |       ||    18
Dodge: Dodged            |    10 |    64 |   107 |   369 |   743 ||  1293
